 Dungeon Sprint DCSS version 0.27.1-33-g824d729ab1 (webtiles) character file.

Game seed: 17399535041953725134

276 manyhoops the Basher (level 6, 0/44 HPs)
             Began as a Gargoyle Berserker on Nov 26, 2021.
             Was a Believer of Trog.
             Splashed by a jelly's acid (10 damage)
             ... in the Dungeon (Sprint I: "Red Sonja").
             The game lasted 00:00:49 (460 turns).

manyhoops the Basher (Gargoyle Berserker)            Turns: 460, Time: 00:00:51

Health: 0/44       AC: 10    Str: 23    XL:     6   Next: 25%
Magic:  6/6        EV: 11    Int:  7    God:    Trog [**....]
Gold:   162        SH:  0    Dex:  9    Spells: 5/5 levels left

rFire    . . .     SeeInvis .   a - +0 mace
rCold    . . .     Faith    .   (no shield)
rNeg     + . .     Spirit   .   i - +2 leather armour {rPois}
rPois    ∞         Reflect  .   (no helmet)
rElec    +         Harm     .   (no cloak)
rCorr    .         Rampage  .   (no gloves)
Will     .....     NoTele   +   (no boots)
Stlth    +.........             (no amulet)
HPRegen  0.14/turn              (no ring)
MPRegen  0.10/turn              (no ring)

@: on berserk cooldown
A: sickness immunity, AC +4, negative energy resistance 1, electricity
resistance, torment resistance 1, petrification resistance
a: Renounce Religion, Berserk, Trog's Hand


You were in the Dungeon.
You worshipped Trog.
Trog was pleased with you.
You visited 1 branch You collected 162 gold pieces.

Inventory:

Hand Weapons
 a - a +0 mace (weapon)
Armour
 i - a +2 leather armour of poison resistance (worn)
Scrolls
 h - a scroll of blinking
Potions
 c - a potion of curing
 d - a potion of heal wounds
 e - a potion of haste
 f - 2 potions of magic
 g - a potion of berserk rage


   Skills:
 + Level 8.2 Fighting
 * Level 10.2 Maces & Flails
 + Level 4.4 Armour
 - Level 2.1 Dodging


You had 5 spell levels left.
You didn't know any spells.
Your spell library was empty.

Dungeon Overview and Level Annotations

Branches:
Dungeon (1/1)

Altars:
Sif Muna
Vehumet
Wu Jian


Innate Abilities, Weirdness & Mutations

You are immune to sickness and miasma.
Your stone body is resilient. (AC +4)
You are immune to poison.
You resist negative energy. (rN+)
You are resistant to electric shocks. (rElec)
You are resistant to unholy torment.
You are immune to petrification.


Message History

As you open the door, it creaks loudly!
Found 54 gold pieces.
Found 54 gold pieces.
There is an open door here.
You now have 81 gold pieces (gained 27).
You now have 108 gold pieces (gained 27).
You now have 135 gold pieces (gained 27).
You now have 162 gold pieces (gained 27).
You feel yourself speed up.
You open the door.
Found a fuming puce potion and 15 stones.
Found two altars.
A jelly comes into view.
The jelly quivers.
The jelly moves out of view.
There is an open door here.
Found a radiant altar of Vehumet.
You see here a fuming puce potion.
The jelly hits you but does no damage.
You see here 15 stones.
The jelly completely misses you. The jelly hits you but does no damage.
There is a shimmering blue altar of Sif Muna here.
You barely miss the jelly. The jelly hits you.
You are splashed with acid!
You hit the jelly.
Your hands burn!
The jelly is lightly wounded.
The jelly hits you.
You are splashed with acid!
You hit the jelly.
Your hands burn!
The jelly is lightly wounded.
The jelly hits you but does no damage.
You barely miss the jelly.
The jelly is lightly wounded.
The jelly closely misses you.
You hit the jelly but do no damage.
Your hands burn!
* * * LOW HITPOINT WARNING * * *
The jelly is lightly wounded.
The jelly hits you.
* * * LOW HITPOINT WARNING * * *
You are splashed with acid!
You die...

################
#<.#..').#..'..#
#..[..#..').#..+
#..#####'#####'#
#..# #..# #!#
#..# #### ##(#
#..# #+#J.+ #⌠⌠#
+...@# ####
#_.#+# ##+


You could see a jelly.

Vanquished Creatures
  Sigmund (D)
  An ogre (D)
  Ijyb (D)
3 creatures vanquished.

Notes
Turn   | Place    | Note
-------+----------+-------------------------------------------
     0 | D        | manyhoops the Gargoyle Berserker began the quest for the
                  | Orb.
     0 | D        | Reached XP level 1. HP: 14/14 MP: 1/1
     1 | D        | Noticed Ijyb
    15 | D        | Killed Ijyb
    16 | D        | Reached skill level 5 in Fighting
    16 | D        | Reached skill level 4 in Maces & Flails
    16 | D        | Reached XP level 2. HP: 11/21 MP: 2/2
    16 | D        | Reached XP level 3. HP: 14/26 MP: 3/3
   223 | D        | Noticed an ogre
   228 | D        | Killed an ogre
   229 | D        | Reached skill level 7 in Maces & Flails
   229 | D        | Reached XP level 4. HP: 19/32 MP: 4/4
   411 | D        | Noticed Sigmund
   416 | D        | Killed Sigmund
   416 | D        | Reached ** piety under Trog
   417 | D        | Reached skill level 10 in Maces & Flails
   417 | D        | Reached XP level 5. HP: 39/39 MP: 5/5
   417 | D        | Reached XP level 6. HP: 44/44 MP: 6/6
   449 | D        | Found an ornate altar of the Wu Jian Council.
   449 | D        | Found a shimmering blue altar of Sif Muna.
   451 | D        | Found a radiant altar of Vehumet.
   460 | D        | Splashed by a jelly's acid

Illustrated notes

Levels and vault maps discovered:
D:        dungeon_sprint_1 [red_sonja_temple_1, red_sonja_temple_small_1]

Skill      XL: |  1  2  3  4 |
---------------+-------------+-----
Fighting       | 5 6 8 |  8.2
Maces & Flails | 4 7 10 | 10.2
Dodging        | 2 |  2.1
Armour         | 3 4 |  4.4

Action                   |  1- 3 |  4- 6 || total
-------------------------+-------+-------++-------
Melee: Mace              |    16 |     8 ||    24
Invok: Berserk           |     2 |     1 ||     3
Armor: Animal skin       |     2 |       ||     2
       Leather armour    |       |     3 ||     3
Dodge: Dodged            |     4 |     3 ||     7
